 Dungeon Crawl Stone Soup version 0.30-a0-802-gb92711bcdf (webtiles) character file.

Game seed: 2933126593620517848

75 qeuew the Chopper (level 4, 34/34 HPs)
             Began as a Demonspawn Gladiator on Feb 24, 2023.
             Was an Initiate of Makhleb.
             Quit the game on level 2 of the Dungeon.
             The game lasted 00:01:34 (1793 turns).

qeuew the Chopper (Demonspawn Gladiator)            Turns: 1793, Time: 00:01:34

Health: 34/34      AC:  3    Str: 16    XL:     4   Next: 11%
Magic:  4/4        EV: 14    Int: 10    God:    Makhleb [......]
Gold:   101        SH:  0    Dex: 14    Spells: 3/3 levels left

rFire   . . .      SeeInvis .    a - +0 war axe
rCold   . . .      Faith    .    (no shield)
rNeg    . . .      Spirit   .    b - +0 leather armour
rPois   .          Reflect  .    (helmet restricted)
rElec   .          Harm     .    (no cloak)
rCorr   .          Rampage  .    (no gloves)
Will    .....                    (no boots)
Stlth   +                        (no amulet)
HPRegen 0.25/turn                (no ring)
MPRegen 0.18/turn                (no ring)

@: no status effects
A: horns 1, repulsion field 1, magic regeneration
a: Renounce Religion


You were on level 2 of the Dungeon.
You worshipped Makhleb.
Makhleb was noncommittal.
You visited 1 branch of the dungeon, and saw 2 of its levels.

You collected 101 gold pieces.

Inventory:

Hand Weapons
 a - a +0 war axe (weapon)
Missiles
 d - 3 throwing nets (quivered)
 e - a javelin
Armour
 b - a +0 leather armour (worn)
 c - a +0 helmet
Scrolls
 f - a scroll of fear {unknown}
 g - 2 scrolls of identify {unknown}
Potions
 h - a potion of invisibility {unknown}
 i - a potion of cancellation {unknown}
 j - a potion of haste {unknown}


   Skills:
 + Level 2.6 Fighting
 + Level 3.1 Axes
 + Level 2.3 Throwing
 + Level 1.3 Armour
 + Level 3.1 Dodging
 + Level 0.1 Invocations


You had 3 spell levels left.
You didn't know any spells.
Your spell library contained the following spells:

 Spells                   Type           Power      Damage    Failure   Level
 Inner Flame              Hex/Fire       0%         N/A       80%         3
 Cause Fear               Hex            0%         N/A       99%         4
 Discord                  Hex            0%         N/A       100%        8


Dungeon Overview and Level Annotations

Branches:
Dungeon (2/15)

Altars:
Makhleb


Innate Abilities, Weirdness & Mutations

You have a pair of small horns on your head.
You are surrounded by a mild repulsion field. (EV +2)
You regenerate magic rapidly.


Message History

You barely miss the bat. Your headbutt misses the bat.
The bat barely misses you. The bat misses you. The bat completely misses you.
A bat is nearby!
A bat is nearby!
You barely miss the bat. The bat barely misses you. The bat hits you.
You slash the bat!
You kill the bat!
Makhleb accepts your kill.
No target in view!
No target in view!
No target in view!
No target in view!
No target in view!
No target in view!
No target in view!
No target in view!
No target in view!
No target in view!
There is an open door here.
There is an open door here.
There is a stone staircase leading down here.
An endoplasm comes into view.
An endoplasm is nearby!
An endoplasm is nearby!
The helpless endoplasm fails to defend itself.
You slash the endoplasm!
You kill the endoplasm!
Makhleb accepts your kill.
No target in view!
No target in view!
No target in view!
No target in view!
No target in view!
No target in view!
No target in view!
No target in view!
No target in view!
No target in view!
Are you sure you want to abandon this character and quit the game? (Confirm with "yes".)

#...#..############ #.# #####
......## #.####..[## #...###
#......#... .รท.##########
###.##...## ##.##........
#.###.### ......####### #.# #....
##.#### #.# ##### ...# ##########
#.# # ##.# #.......@.# #.#######
#.# ####.#######.# #........
#.#.. ......# #.# ######### #.#.#
##.##.## #.# ##### #.#.#
#......###.# #...########
##.#.###..........# #...........
.........###..########...########
..............# #..............
#...#########.# #.###.##.......


There were no monsters in sight!

Vanquished Creatures
  2 adders (D:2)
  A dart slug (D:2)
  5 ball pythons
  4 bats
  6 endoplasms
  4 giant cockroaches (D:1)
  7 goblins
  3 hobgoblins
  2 quokkas
  A frilled lizard (D:2)
  6 kobolds
  7 rats
48 creatures vanquished.

Vanquished Creatures (others)
  A fungus (D:1)
1 creature vanquished.

Grand Total: 49 creatures vanquished

Notes
Turn   | Place    | Note
-------+----------+-------------------------------------------
     0 | D:1      | qeuew the Demonspawn Gladiator began the quest for the Orb.
     0 | D:1      | Reached XP level 1. HP: 16/16 MP: 1/1
    92 | D:1      | Gained mutation: You regenerate magic rapidly. [demonic
                  | ancestry]
    92 | D:1      | Reached XP level 2. HP: 22/22 MP: 2/2
   439 | D:1      | Gained mutation: You are surrounded by a mild repulsion
                  | field. (EV +2) [demonic ancestry]
   439 | D:1      | Reached XP level 3. HP: 23/28 MP: 3/3
   830 | D:2      | Reached skill level 1 in Armour
  1134 | D:2      | Identified the +2 robe "Siagga" {rCorr Dex+7 SInv}
  1301 | D:2      | Gained mutation: You have a pair of small horns on your
                  | head. [demonic ancestry]
  1301 | D:2      | Reached XP level 4. HP: 16/34 MP: 4/4
  1547 | D:2      | Found a burning altar of Makhleb.
  1561 | D:2      | Became a worshipper of Makhleb the Destroyer
  1793 | D:2      | Quit the game

Illustrated notes

Levels and vault maps discovered:
D:1:      dpeg_arrival_prison, layout_loops_ring
D:2:      minmay_angry_zag, layout_loops_corners, basic_altar

Skill      XL: |  1  2  3 |
---------------+----------+-----
Throwing       | 2 |  2.3
Axes           | 3 |  3.1
Armour         | 1 |  1.3
Dodging        | 3 |  3.1
Fighting       | |  2.6
Invocations    | |  0.1

Action                     |  1- 3 |  4- 6 || total
---------------------------+-------+-------++-------
  Melee: War axe           |   123 |    12 ||   135
         Headbutt          |       |     2 ||     2
    Use: Potion            |     2 |       ||     2
         Scroll            |     1 |       ||     1
   Stab: Sleeping          |     3 |     1 ||     4
 Armour: Leather armour    |    38 |     2 ||    40
  Dodge: Dodged            |   115 |    15 ||   130

Table legend: (Time is in decaauts)
 A = Elapsed time spent in this place.
 B = Non-inter-level travel time spent in this place.
 C = Inter-level travel time spent in this place.
 D = Time resting spent in this place.
 E = Time spent auto-exploring this place.
 F = Levels seen in this place.
 G = Mean time per level.
                   A        B        C        D        E       F      G
               +--------+--------+--------+--------+--------+-----+--------+
         Total |   1839 |   1800 |     39 |      0 |   1463 |   2 |  919.5 |
       Dungeon |   1839 |   1800 |     39 |      0 |   1463 |   2 |  919.5 |
               +--------+--------+--------+--------+--------+-----+--------+

Top non-repeatable levels by time:
     D:2: 1031 daAuts
     D:1: 808 daAuts
